 Dungeon Crawl Stone Soup version 0.17.1-3-g152610e (webtiles) character file.

322589 manyhoops the Conqueror (level 21, -11/224 HPs)
             Began as a Hill Orc Fighter on Apr 18, 2016.
             Was a High Priest of Okawaru.
             Killed from afar by a salamander stormcaller (34 damage)
             ... with a great blast of fire
             ... on level 5 of the Vaults.
             The game lasted 02:58:43 (50675 turns).

manyhoops the Conqueror (Hill Orc Fighter)         Turns: 50675, Time: 02:58:43

Health: -11/224    AC: 41    Str: 35 (36) XL:     21   Next: 55%
Magic:  34/36      EV:  8    Int: 11      God:    Okawaru [*****.]
Gold:   2343       SH: 18    Dex: 10      Spells: 0 memorised, 20 levels left

rFire  . . .     SeeInvis +     d - +9 war axe (protect)
rCold  + . .     Clarity  +     C - +4 plate armour of Kuadd {rC+ MP+9 Str+8 Dex-4}
rNeg   + + .     SustAt   .     c - +1 shield {reflect}
rPois  +         Gourm    .     w - +2 helmet {SInv}
rElec  .         Spirit   .     R - +0 cloak of the Turtledove {Int+3}
rCorr  .         Warding  .     N - +1 pair of gloves {Dex+3}
rMut   .         Stasis   .     x - +0 pair of boots
MR     +....                    O - amulet of clarity
Stlth  ..........               (no ring)
                                Q - ring of the Genius {Wiz *Contam rPois rN++}

@: lethally poisoned (-11 -> -12), heroism, finesse, constricted, drained,
somewhat resistant to hostile enchantments, extremely unstealthy
A: blurry vision 1, deterioration 2
a: Heroism, Finesse, Renounce Religion
}: 2/15 runes: decaying, serpentine


You were on level 5 of the Vaults.
You worshipped Okawaru.
Okawaru was extremely pleased with you.
You were not hungry.

You visited 8 branches of the dungeon, and saw 40 of its levels.
You also visited: Ice Cave.

You collected 4074 gold pieces.
You spent 1731 gold pieces at shops.

Inventory:

Hand Weapons
 d - a +9 war axe of protection (weapon)
 o - a +2 war axe of flaming
 K - a +4 antimagic executioner's axe
Missiles
 F - 2 throwing nets (quivered)
Armour
 a - a +0 crystal plate armour
 c - a +1 shield of reflection (worn)
 w - a +2 helmet of see invisible (worn)
 x - a +0 pair of boots (worn)
 C - the +4 plate armour of Kuadd (worn) {rC+ MP+9 Str+8 Dex-4}
   (Okawaru gifted it to you on level 2 of the Vaults)

   It affects your strength (+8).
   It affects your dexterity (-4).
   It protects you from cold.
   It affects your magic capacity (+9).
 N - a +1 pair of gloves of dexterity (worn)
 R - the +0 cloak of the Turtledove (worn) {Int+3}
   (Okawaru gifted it to you on level 15 of the Dungeon)

   It affects your intelligence (+3).
Jewellery
 E - an uncursed ring of protection from fire
 O - an amulet of clarity (around neck)
 Q - the ring of the Genius (left hand) {Wiz *Contam rPois rN++}
   (You found it on level 10 of the Dungeon)

   [ring of wizardry]

   It improves your spell success rate.
   It protects you from poison.
   It greatly protects you from negative energy.
   It causes magical contamination when unequipped.
 X - a +6 ring of protection
Wands
 j - a wand of teleportation (4)
 n - a wand of fire (7)
 v - a wand of flame (38)
 y - a wand of fireball (6)
 G - a wand of paralysis (15)
 U - a wand of cold (9)
 Z - a wand of flame (17)
Scrolls
 f - 13 scrolls of identify
 g - 8 scrolls of recharging
 i - 3 scrolls of amnesia
 k - 4 scrolls of fog
 p - 4 scrolls of teleportation
 r - a scroll of magic mapping
 s - 5 scrolls of remove curse
 t - 9 scrolls of immolation
 z - a scroll of summoning
 H - 2 scrolls of fear
 I - 3 scrolls of blinking
 J - 3 scrolls of silence
 L - 2 scrolls of brand weapon
Potions
 b - 3 potions of might
 l - 6 potions of curing
 m - 3 potions of cancellation
 q - 8 potions of agility
 u - a potion of resistance
 A - 3 potions of brilliance
 B - 4 potions of invisibility
 D - 2 potions of heal wounds
 M - a potion of magic
 P - 3 potions of haste
 S - 9 potions of lignification
 V - 5 potions of flight
 Y - a potion of berserk rage
Miscellaneous
 h - a sack of spiders {used: 1}
Comestibles
 e - 10 bread rations
 T - 9 royal jellies
 W - a beef jerky


   Skills:
 O Level 27(26.3) Fighting
 - Level 16.1(20.5) Axes
 + Level 20.6(24.9) Armour
 - Level 15.7(20.1) Shields
 - Level 9.0(8.6) Invocations


You had 20 spell levels left.
You didn't know any spells.

Dungeon Overview and Level Annotations

Branches:
Dungeon (15/15)            Temple (1/1) D:6            Lair (6/8) D:9
  Swamp (4/4) Lair:3        Snake (4/4) Lair:4          Orc (4/4) D:11
    Elf (0/3) Orc:3        Vaults (5/5) D:13          Crypt (0/3) Vaults:2
 Depths (1/5) D:15
  Slime: Lair:6-8

Altars:
Ashenzari
Cheibriados
Dithmenos
Elyvilon
Fedhas
Gozag
Kikubaaqudgha
Makhleb
Nemelex Xobeh
Okawaru
Qazlal
Ru
Sif Muna
Trog
Vehumet
Xom
Yredelemnul
Zin
The Shining One
Beogh

Shops:
D:9 *   D:11 !   Orc:1 [*!   Orc:4 [:}=   Snake:4 [   Vaults:2 *   Vaults:3 *
Vaults:4 }

Annotations:
Vaults:5 Jorgrun


Innate Abilities, Weirdness & Mutations

Scrolls take you a little longer to read.
Your body often deteriorates upon taking damage.


Message History

The shadow dragon bites you but does no damage.
The shadow dragon claws you but does no damage. x2
The tentacled monstrosity closely misses you. x2
The tentacled monstrosity tentacle-slaps you but does no damage.
The tentacled monstrosity constricts you.
The shadow dragon misses you. The shadow dragon closely misses you.
The shadow dragon claws you but does no damage.
The yaktaur captain shoots a bolt.
You reflect the bolt off your +1 shield of reflection!
The bolt hits the yaktaur captain!!
The sphinx mumbles some strange words.
The sphinx is healed somewhat.
The war gargoyle hits you with a morningstar.
* * * LOW HITPOINT WARNING * * *
A deep elf death mage comes into view. It is wielding a glaive of chopping.
Really read with blurry vision while enemies are nearby?
The shadow dragon burns!
The salamander stormcaller casts a spell at you.
A raging storm of fire appears!
The great blast of fire engulfs you!
You die...

#....# .# #....# e.
#....# #
..###....#.##
#..#....#..##.
#....)..c.....
#######...)D)..####
........v)9@H......
.......)[NDXDO.....
........vpQg§......
....).?..[*).).....
#######))[...?.####
W.Ce§.....v..$...
....##.[#..O.#... #
##.#...v#..##
#§#(...# ..


You could see 3 shadow dragons, a tentacled monstrosity, Jorgrun, a sphinx, a
vault warden, a tengu reaver, a yaktaur captain, a salamander stormcaller, a
deep elf death mage, an ogre mage, a war gargoyle and an ogre.

Vanquished Creatures
  Mara (Vaults:3)
  Vashnia (Snake:4)
  Xtahua (Vaults:2)
  Rupert (Orc:4)
  A tentacled monstrosity (Vaults:4)
  2 thorn hunters
  Roxanne (Swamp:3)
  5 greater nagas (Snake:4)
  Wiglaf (Snake:3)
  Donald (Vaults:3)
  7 vault wardens
  11 ironheart preservers
  A war gargoyle (Vaults:5)
  6 stone giants
  6 very ugly things
  Nessos (Orc:4)
  3 deep elf annihilators
  A deep elf demonologist (Vaults:3)
  Snorg (D:14)
  4 yaktaur captains
  24 vault guards
  2 ettins
  3 great orbs of eyes
  23 hydras
  2 ice dragons
  20 naga warriors
  Erolcha (Orc:3)
  9 anacondas
  6 alligators
  2 death knights (Vaults:2)
  An alligator (shapeshifter) (Vaults:3)
  2 deep troll earth magi
  7 ogre magi
  A tengu warrior (D:14)
  7 centaur warriors
  A vampire mage (D:15)
  Urug (Lair:2)
  A deep elf knight (Vaults:2)
  3 deep troll shamans
  20 naga sharpshooters
  3 orc high priests (Orc:4)
  Sonja (Lair:2)
  Nergalle (D:10)
  2 shadow wraiths
  A titan skeleton (D:15)
  10 shock serpents
  3 salamander mystics
  7 skeletal warriors
  A fire crab (Vaults:3)
  12 naga ritualists
  2 giant orange brains
  9 deep trolls
  A flayed ghost (Vaults:2)
  3 shambling mangroves
  An unseen horror (shapeshifter) (Vaults:3)
  2 deep elf summoners (Vaults:2)
  10 swamp dragons
  2 necromancers
  5 spriggan druids
  10 orc knights
  7 hill giants
  2 unseen horrors
  Pikel (D:8)
  2 wizards
  9 ironbrand convokers
  5 harpies (Vaults:4)
  2 deep elf conjurers
  11 mana vipers
  5 orc sorcerers
  2 hornets
  46 black mambas
  10 salamanders
  4 manticores
  39 ugly things
  3 wolf spiders
  5 cyclopes
  16 elephants
  11 griffons
  A centaur zombie (D:11)
  A griffon (shapeshifter) (D:13)
  2 guardian serpents (Snake:3)
  7 vault sentinels
  A hornet (shapeshifter) (Vaults:1)
  3 ice statues (IceCv)
  A molten gargoyle (D:15)
  18 spiny frogs
  31 naga magi
  2 gargoyles
  16 komodo dragons
  2 small abominations (Vaults:5)
  10 yaktaurs
  4 freezing wraiths
  A deep elf priest (Vaults:2)
  A tengu conjurer (D:14)
  A jumping spider (Vaults:4)
  8 blue devils (IceCv)
  16 two-headed ogres
  5 trolls
  A polar bear (shapeshifter) (Vaults:3)
  A harpy zombie (D:15)
  3 wind drakes (shapeshifter)
  A polar bear (Lair:5)
  4 giant leeches
  4 boulder beetles
  2 hornet zombies (D:15)
  44 slime creatures
  13 blink frogs
  10 bog bodies
  A fire dragon skeleton (D:15)
  7 spriggans
  5 redbacks
  A spriggan (shapeshifter) (Vaults:4)
  A deep troll skeleton (D:15)
  5 basilisks
  6 shadows
  6 deep elf fighters
  2 wyverns (D:9)
  7 deep elf magi
  20 yaks
  5 hogs (Lair:5)
  12 hippogriffs
  Grum (D:9)
  3 hungry ghosts
  7 wolves
  3 mottled dragons (D:15)
  26 vampire mosquitoes
  A soldier ant (D:8)
  3 wargs
  72 nagas
  22 insubstantial wisps
  10 porcupines
  19 swamp worms
  15 water moccasins
  A tengu skeleton (D:15)
  A slave (D:8)
  16 wasps
  A spider (D:8)
  17 swamp drakes
  5 phantoms
  A black bear (D:13)
  2 eyes of draining (D:10)
  21 orc warriors
  A necrophage (D:12)
  4 sky beasts
  3 ice beasts
  38 ogres
  5 boggarts (Vaults:3)
  A tengu (shapeshifter) (D:13)
  14 centaurs
  3 big kobolds
  23 giant frogs
  9 crocodiles
  A wyvern zombie (D:14)
  A gnoll sergeant (D:8)
  A wyvern skeleton (D:8)
  4 scorpions
  A troll zombie (D:11)
  3 electric eels
  10 killer bees
  4 wights
  3 giant frog zombies
  4 hounds
  A draconian simulacrum (IceCv)
  3 centaur skeletons
  6 crimson imps
  26 orc priests
  2 giant frog skeletons
  Ijyb (D:3)
  29 orc wizards
  9 iguanas
  4 jellies
  15 worker ants
  Natasha (thrice) (D:3)
  2 troll simulacra (IceCv)
  A killer bee zombie (D:7)
  7 ogre zombies (D:11)
  23 sheep
  A spriggan simulacrum (IceCv)
  4 centaur simulacra (IceCv)
  A hound zombie (D:7)
  14 gnolls
  A naga simulacrum (IceCv)
  41 river rats
  2 ogre simulacra
  12 white imps (Lair:5)
  13 adders
  9 shadow imps
  An adder skeleton (D:8)
  2 adder zombies (D:8)
  6 worms
  A giant gecko (D:3)
  184 orcs
  3 ball pythons
  9 giant cockroaches
  9 goblins
  9 hobgoblins
  2 jackals (D:9)
  25 kobolds
  4 quokkas
  4 bats
  A giant gecko skeleton (D:6)
  7 giant newts
  A goblin zombie (D:11)
  3 hobgoblin skeletons (D:11)
  2 hobgoblin zombies (D:11)
  2 jackal zombies
  4 orc skeletons (D:11)
  15 orc zombies (D:11)
  3 quokka skeletons
  10 rats
  A spectral orc (D:3)
  A butterfly (Lair:2)
  A crawling corpse (Vaults:5)
  A fire vortex (Vaults:5)
  A fungus (Lair:1)
  4 plants
1676 creatures vanquished.

Vanquished Creatures (collateral kills)
  Agnes (Snake:4)
  A greater naga (Snake:4)
  A naga sharpshooter (Snake:4)
  7 naga magi (Snake:4)
  3 nagas (Snake:4)
13 creatures vanquished.

Vanquished Creatures (others)
  A titan (Vaults:5)
  A sphinx (Vaults:5)
  2 tengu reavers (Vaults:5)
  Kirke (Lair:5)
  2 frost giants (Vaults:5)
  A deep elf demonologist (Vaults:5)
  2 deep elf annihilators (Vaults:5)
  A deep elf death mage (Vaults:5)
  3 vault guards (Vaults:5)
  2 ettins (Vaults:5)
  2 yaktaur captains
  A centaur warrior (Vaults:3)
  A deep elf knight (Vaults:5)
  An orc knight (Vaults:5)
  A phantasmal warrior (Vaults:5)
  A wolf spider (Vaults:5)
  A vault sentinel (Vaults:5)
  2 yaktaurs (Vaults:4)
  A freezing wraith (Vaults:5)
  A two-headed ogre (Vaults:5)
  A troll (Vaults:5)
  A deep elf priest (Vaults:5)
  A deep elf mage (Vaults:5)
  3 orcs (D:13)
  A kobold (D:13)
  A crawling corpse (Vaults:5)
  A fire vortex (Vaults:5)
  3 fungi
  5 plants (D:15)
45 creatures vanquished.

Grand Total: 1734 creatures vanquished

Notes
Turn   | Place    | Note
--------------------------------------------------------------
     0 | D:1      | manyhoops the Hill Orc Fighter began the quest for the Orb.
     0 | D:1      | Reached XP level 1. HP: 19/19 MP: 1/1
   151 | D:1      | Reached XP level 2. HP: 9/27 MP: 2/2
   269 | D:1      | Reached skill level 4 in Fighting
   686 | D:2      | Reached XP level 3. HP: 9/33 MP: 3/3
  1165 | D:2      | Reached XP level 4. HP: 35/40 MP: 4/4
  1552 | D:2      | Found a sparkling altar of Nemelex Xobeh.
  1791 | D:3      | Reached XP level 5. HP: 44/47 MP: 5/5
  1863 | D:3      | Noticed Ijyb
  1875 | D:3      | Killed Ijyb
  1944 | D:3      | Reached skill level 5 in Armour
  2054 | D:3      | Found a basalt altar of Yredelemnul.
  2202 | D:3      | Noticed Natasha
  2207 | D:3      | Killed Natasha
  2207 | D:3      | Reached skill level 5 in Fighting
  2207 | D:3      | Reached skill level 5 in Axes
  2207 | D:3      | Reached XP level 6. HP: 37/56 MP: 6/6
  2318 | D:3      | Found a shimmering altar of Xom.
  2328 | D:3      | Noticed Natasha
  2338 | D:3      | Killed Natasha
  2371 | D:3      | Noticed Natasha
  2376 | D:3      | Killed Natasha
  3005 | D:4      | Reached skill level 6 in Axes
  3005 | D:4      | Reached XP level 7. HP: 9/61 MP: 7/7
  3331 | D:4      | Reached skill level 7 in Axes
  3962 | D:5      | Entered Level 5 of the Dungeon
  4277 | D:5      | Noticed a yak
  4498 | D:5      | Found a glowing silver altar of Zin.
  4644 | D:6      | Reached skill level 8 in Axes
  4662 | D:6      | Reached XP level 8. HP: 57/70 MP: 8/8
  4673 | D:6      | Found a staircase to the Ecumenical Temple.
  4953 | D:6      | Reached skill level 9 in Axes
  4959 | D:6      | Found a snail-covered altar of Cheibriados.
  5102 | D:6      | You fall through a shaft for 3 floors!
  5102 | D:9      | Found a shadowy altar of Dithmenos.
  5192 | D:9      | Reached skill level 10 in Axes
  5550 | D:9      | Reached XP level 9. HP: 79/79 MP: 9/9
  5696 | D:8      | Reached skill level 11 in Axes
  6084 | D:7      | Reached skill level 12 in Axes
  6965 | Temple   | Entered the Ecumenical Temple
  7230 | Temple   | Became a worshipper of Warmaster Okawaru
  7383 | D:8      | Reached XP level 10. HP: 48/90 MP: 10/10
  7692 | D:8      | Reached skill level 13 in Axes
  8029 | D:8      | Reached * piety under Okawaru
  8112 | D:8      | Noticed Pikel
  8123 | D:8      | Killed Pikel
  8378 | D:8      | Reached skill level 14 in Axes
  8484 | D:9      | Found Zeuph's General Store.
  8489 | D:9      | Reached ** piety under Okawaru
  8498 | D:9      | Bought a scroll of identify for 26 gold pieces
  8498 | D:9      | Bought a scroll of enchant weapon for 97 gold pieces
  8679 | D:9      | Noticed a troll
  8688 | D:9      | Killed a troll
  8721 | D:9      | Found a white marble altar of Elyvilon.
  8736 | D:9      | Noticed Grum
  8788 | D:9      | Killed Grum
  8959 | D:9      | Noticed a hill giant
  8981 | D:9      | Killed a hill giant
  8981 | D:9      | Reached *** piety under Okawaru
  8981 | D:9      | Reached skill level 15 in Axes
  8981 | D:9      | Reached XP level 11. HP: 97/99 MP: 8/11
  9114 | D:9      | Reached skill level 1 in Invocations
  9261 | D:9      | Found a staircase to the Lair.
  9443 | D:10     | Entered Level 10 of the Dungeon
  9465 | D:10     | Noticed an unseen horror
  9492 | D:10     | Killed an unseen horror
  9602 | D:10     | Noticed Nergalle
  9635 | D:10     | Killed Nergalle
 10002 | D:10     | Got a fine copper ring
 10421 | D:10     | Identified the ring of the Genius {Wiz *Contam rPois rN++} (You found it on level 10 of the Dungeon)
 10637 | D:11     | Reached skill level 10 in Fighting
 10637 | D:11     | Reached skill level 16 in Axes
 10650 | D:11     | Reached **** piety under Okawaru
 10883 | D:11     | Found a staircase to the Orcish Mines.
 11460 | D:11     | Found Pasomperph's Distillery.
 11477 | D:11     | Reached skill level 10 in Armour
 12170 | Orc:1    | Entered Level 1 of the Orcish Mines
 12170 | Orc:1    | Found Xola's Assorted Antiques.
 12239 | Orc:1    | Bought a glowing war axe for 108 gold pieces
 12272 | Orc:1    | Found a roughly hewn altar of Beogh.
 12486 | Orc:1    | Found Yriav's Distillery.
 12507 | Orc:1    | Bought a potion of mutation for 35 gold pieces
 12507 | Orc:1    | Gained mutation: You are dopey. (Int -2) [potion of mutation]
 12507 | Orc:1    | Gained mutation: You have a pair of small antennae on your head. [potion of mutation]
 12507 | Orc:1    | Gained mutation: You are frail (-10% HP). [potion of mutation]
 12508 | Orc:1    | Lost mutation: You are dopey. (Int -2) [potion of cure mutation]
 12508 | Orc:1    | Lost mutation: You have a pair of small antennae on your head. [potion of cure mutation]
 12508 | Orc:1    | Lost mutation: You are frail (-10% HP). [potion of cure mutation]
 12516 | Orc:1    | Bought a potion of heal wounds for 70 gold pieces
 12516 | Orc:1    | Bought a potion of might for 56 gold pieces
 12516 | Orc:1    | Bought a potion of curing for 42 gold pieces
 12516 | Orc:1    | Bought a potion of agility for 56 gold pieces
 12614 | Orc:1    | Found Cylikuog's Antique Armour Boutique.
 12666 | Orc:1    | Noticed an orc knight
 12684 | Orc:1    | Killed an orc knight
 12684 | Orc:1    | Reached skill level 5 in Shields
 12691 | Orc:1    | Found a roughly hewn altar of Beogh.
 12726 | Orc:1    | Reached ***** piety under Okawaru
 13339 | Orc:3    | Found a staircase to the Elven Halls.
 13345 | Orc:3    | Reached XP level 12. HP: 90/110 MP: 12/12
 13802 | Orc:3    | Noticed Erolcha
 13813 | Orc:3    | Killed Erolcha
 14196 | Orc:4    | Entered Level 4 of the Orcish Mines
 14200 | Orc:4    | Noticed Nessos
 15015 | Lair:1   | Entered Level 1 of the Lair of Beasts
 15192 | Lair:1   | Noticed a seven-headed hydra
 15456 | Lair:1   | Killed a seven-headed hydra
 15861 | Lair:1   | Reached skill level 10 in Shields
 16226 | Lair:2   | Noticed Sonja
 16262 | Lair:2   | Killed Sonja
 16568 | D:12     | Noticed a hill giant
 16580 | D:12     | Killed a hill giant
 16580 | D:12     | Received a gift from Okawaru
 16945 | D:13     | Reached XP level 13. HP: 116/116 MP: 15/15
 17543 | D:13     | Found a gate to the Vaults.
 17939 | D:14     | Noticed Snorg
 17973 | D:14     | Killed Snorg
 18036 | D:13     | Reached ****** piety under Okawaru
 18262 | D:14     | Received a gift from Okawaru
 18484 | D:14     | Received a gift from Okawaru
 18489 | D:14     | Got a transparent war axe {god gift}
 18507 | D:13     | Identified the +5 war axe of Cisyom Zeji {vamp, rPois rN+ MR+++ Stlth-} (Okawaru gifted it to you on level 14 of the Dungeon)
 18824 | D:15     | Entered Level 15 of the Dungeon
 18858 | D:15     | Reached skill level 15 in Shields
 19196 | D:15     | Reached XP level 14. HP: 89/125 MP: 16/16
 19419 | D:15     | Found a staircase to the Depths.
 19758 | D:15     | Received a gift from Okawaru
 19789 | D:15     | Got a smoking cloak {god gift}
 19802 | D:15     | Identified the +0 cloak of the Turtledove {Int+3} (Okawaru gifted it to you on level 15 of the Dungeon)
 20606 | D:15     | Gained mutation: Scrolls take you a little longer to read. [mutagenic glow]
 20918 | Depths:1 | Entered Level 1 of the Depths
 21094 | Orc:4    | Killed Nessos
 21241 | Orc:4    | Noticed Rupert
 21241 | Orc:4    | Paralysed by Rupert for 2 turns
 21249 | Orc:4    | Paralysed by Rupert for 2 turns
 21264 | Orc:4    | Killed Rupert
 21430 | Orc:4    | Noticed an orc high priest
 21431 | Orc:4    | Noticed an orc high priest
 21432 | Orc:4    | Paralysed by an orc sorcerer for 4 turns
 21439 | Orc:4    | Killed an orc high priest
 21471 | Orc:4    | Killed an orc high priest
 21818 | Orc:4    | Noticed an orc high priest
 21824 | Orc:4    | Killed an orc high priest
 21824 | Orc:4    | Received a gift from Okawaru
 21842 | Orc:4    | Got a slimy ring mail {god gift}
 21853 | Orc:4    | Identified the +4 ring mail "Heido" {rPois Regen+ Int+7 Slay-4} (Okawaru gifted it to you on level 4 of the Orcish Mines)
 21896 | Orc:4    | Found Osutoer's Antique Armour Shop.
 21896 | Orc:4    | Found Othoac's Book Shoppe.
 21898 | Orc:4    | Found Kudedeplis's Gadget Shop.
 21898 | Orc:4    | Found Pontamue's Jewellery Shoppe.
 22220 | Orc:4    | Bought an uncursed ring of flight for 227 gold pieces
 22222 | Orc:4    | Bought a +6 ring of protection for 1014 gold pieces
 22440 | Lair:2   | Noticed Urug
 22451 | Lair:2   | Killed Urug
 22500 | Lair:2   | Noticed an eight-headed hydra
 22515 | Lair:2   | Killed an eight-headed hydra
 22885 | Lair:2   | Reached XP level 15. HP: 125/138 MP: 17/17
 23134 | Lair:3   | Found a staircase to the Swamp.
 24386 | Lair:4   | Found a staircase to the Snake Pit.
 24726 | Lair:4   | Gained mutation: Your magical capacity is low (-10% MP). [mutagenic glow]
 24926 | Lair:5   | Found a frozen archway.
 24957 | IceCv    | Entered an ice cave
 24983 | IceCv    | Received a gift from Okawaru
 25032 | IceCv    | Reached skill level 15 in Fighting
 25870 | Lair:5   | Noticed Kirke
 26076 | Lair:5   | Killed Kirke
 26079 | Lair:5   | Received a gift from Okawaru
 26095 | Lair:5   | Got a polished cloak {god gift}
 26101 | Lair:5   | Identified the +1 cloak of Duck's Teeth {MP+9 Str-3 Dex+3} (Okawaru gifted it to you on level 5 of the Lair of Beasts)
 26551 | Lair:5   | Lost mutation: Your magical capacity is low (-10% MP). [mutagenic glow]
 26830 | Lair:6   | Reached skill level 15 in Armour
 27934 | Snake:1  | Entered Level 1 of the Snake Pit
 28090 | D:9      | Gained mutation: You are dopey. (Int -2) [potion of mutation]
 28090 | D:9      | Lost mutation: Scrolls take you a little longer to read. [potion of mutation]
 28090 | D:9      | Gained mutation: You regenerate slowly when monsters are visible. [potion of mutation]
 28092 | D:9      | Lost mutation: You are dopey. (Int -2) [potion of cure mutation]
 28092 | D:9      | Lost mutation: You regenerate slowly when monsters are visible. [potion of cure mutation]
 28244 | Snake:1  | Reached XP level 16. HP: 53/152 MP: 18/18
 29096 | Snake:1  | Received a gift from Okawaru
 29256 | Snake:1  | Reached skill level 17 in Fighting
 30704 | Snake:3  | Received a gift from Okawaru
 30909 | Snake:3  | Noticed Wiglaf
 30927 | Snake:3  | Reached skill level 18 in Fighting
 31166 | Snake:3  | Killed Wiglaf
 31518 | Snake:3  | Reached XP level 17. HP: 152/163 MP: 19/19
 32374 | Snake:4  | Entered Level 4 of the Snake Pit
 32559 | Snake:4  | Gained mutation: Scrolls take you a little longer to read. [mutagenic glow]
 32568 | Snake:4  | Found Jajoasy's Antique Armour Boutique.
 32613 | Snake:4  | Received a gift from Okawaru
 32614 | Snake:4  | Noticed Agnes
 32624 | Snake:4  | Killed Agnes
 32624 | Snake:4  | Reached skill level 19 in Fighting
 33216 | Snake:4  | Noticed Vashnia
 34022 | Snake:4  | Killed Vashnia
 34675 | Snake:4  | Received a gift from Okawaru
 35267 | Snake:4  | Reached XP level 18. HP: 160/178 MP: 18/20
 35788 | Snake:4  | Reached skill level 20 in Fighting
 37133 | Snake:4  | Got a serpentine rune of Zot
 37561 | Swamp:1  | Entered Level 1 of the Swamp
 39083 | Swamp:2  | Received a gift from Okawaru
 39198 | Swamp:2  | Reached skill level 5 in Invocations
 40172 | Swamp:3  | Noticed Roxanne
 40207 | Swamp:3  | Killed Roxanne
 40209 | Swamp:3  | Identified Roxanne's Handbook of Transmigration and Intoxication (You took it off Roxanne on level 3 of the Swamp)
 40761 | Swamp:4  | Entered Level 4 of the Swamp
 40912 | Swamp:4  | Received a gift from Okawaru
 41088 | Swamp:3  | Reached XP level 19. HP: 118/188 MP: 25/25
 41638 | Swamp:4  | Reached skill level 21 in Fighting
 42084 | Swamp:4  | Got a decaying rune of Zot
 42331 | Swamp:4  | Gained mutation: Your body sometimes deteriorates upon taking damage. [mutagenic glow]
 42861 | Vaults:1 | Entered Level 1 of the Vaults
 43993 | Vaults:1 | Reached skill level 22 in Fighting
 44001 | Vaults:1 | Received a gift from Okawaru
 44819 | Vaults:2 | Noticed Xtahua
 44842 | Vaults:2 | Killed Xtahua
 45232 | Vaults:2 | Reached skill level 23 in Fighting
 45386 | Vaults:2 | Found Kuycvad's General Store.
 45570 | Vaults:2 | Reached XP level 20. HP: 204/204 MP: 26/26
 45711 | Vaults:2 | Received a gift from Okawaru
 45714 | Vaults:2 | Got an ancient plate armour {god gift}
 45741 | Vaults:2 | Identified the +4 plate armour of Kuadd {rC+ MP+9 Str+8 Dex-4} (Okawaru gifted it to you on level 2 of the Vaults)
 46052 | Vaults:2 | Found a staircase to the Crypt.
 46574 | Vaults:3 | Noticed Donald
 46619 | Vaults:3 | Killed Donald
 46646 | Vaults:3 | Reached skill level 24 in Fighting
 46890 | Vaults:3 | Gained mutation: Your body often deteriorates upon taking damage. [mutagenic glow]
 47227 | Vaults:3 | Noticed Mara
 47257 | Vaults:3 | Killed Mara
 47670 | Vaults:3 | Received a gift from Okawaru
 47890 | Vaults:3 | Reached skill level 25 in Fighting
 48004 | Vaults:3 | Received a gift from Okawaru
 48113 | Vaults:3 | Found Heimyf's General Store.
 48535 | Vaults:4 | Found Pisoirep's Gadget Shop.
 48915 | Vaults:4 | Reached XP level 21. HP: 174/220 MP: 27/27
 49315 | Vaults:4 | Received a gift from Okawaru
 49378 | Vaults:4 | Reached skill level 26 in Fighting
 50014 | Vaults:5 | Entered Level 5 of the Vaults
 50053 | Vaults:4 | Received a gift from Okawaru
 50321 | Vaults:5 | Noticed Jorgrun
 50661 | Vaults:5 | Reached skill level 27 in Fighting
 50664 | Vaults:5 | Paralysed by a sphinx for 2 turns
 50671 | Vaults:5 | HP: 5/224 [yaktaur captain/bolt (13)]
 50675 | Vaults:5 | Killed from afar by a salamander stormcaller

Action                   |  1- 3 |  4- 6 |  7- 9 | 10-12 | 13-15 | 16-18 | 19-21 || total
-------------------------+-------+-------+-------+-------+-------+-------+-------++-------
Melee: War axe           |   113 |   275 |   360 |   855 |  1315 |  2011 |  1368 ||  6297
       Mace              |       |       |       |    17 |       |       |       ||    17
       Flail             |       |       |       |       |    75 |       |       ||    75
       Unarmed           |       |       |       |       |     2 |       |       ||     2
       Hand axe          |       |       |       |       |       |    73 |    86 ||   159
Invok: Heroism           |       |       |       |     8 |    24 |    14 |    11 ||    57
       Finesse           |       |       |       |     1 |     3 |     2 |     5 ||    11
Evoke: Sack of spiders   |       |       |       |       |       |     1 |       ||     1
  Use: Scroll            |       |     1 |    10 |    26 |    13 |    10 |     6 ||    66
       Potion            |       |       |     2 |     5 |     6 |     8 |     4 ||    25
 Stab: Distracted        |       |       |       |       |       |     2 |       ||     2
       Confused          |       |       |       |       |       |     1 |       ||     1
  Eat: Chunk             |       |     4 |    11 |    28 |    12 |     6 |    14 ||    75
       Meat ration       |       |     1 |     1 |     1 |     3 |     3 |     4 ||    13
       Royal jelly       |       |       |     1 |     2 |     1 |     1 |       ||     5
       Pizza             |       |       |     1 |       |     1 |       |       ||     2
       Beef jerky        |       |       |     1 |       |       |     1 |     1 ||     3
       Bread ration      |       |       |       |       |     3 |     3 |     1 ||     7
       Fruit             |       |       |       |       |     3 |     7 |       ||    10
